 Dungeon Crawl Stone Soup version 0.29.0-13-gc9e81de378 (webtiles) character file.

Game seed: 3108376770165887785

6477 apoch the Cleaver (level 10, -1/93 HPs)
             Began as a Minotaur Fighter on Sept 9, 2022.
             Was a Priest of Cheibriados.
             Slain by a komodo dragon (8 damage)
             ... on level 9 of the Dungeon.
             The game lasted 00:15:02 (8676 turns).

apoch the Cleaver (Minotaur Fighter)                Turns: 8676, Time: 00:15:03

Health: -1/93      AC: 14    Str: 32    XL:     10   Next: 68%
Magic:  15/15      EV:  8    Int: 12    God:    Cheibriados [***...]
Gold:   254        SH:  5    Dex: 17    Spells: 9/9 levels left

rFire   + + .      SeeInvis .   a - +1 war axe
rCold   . . .      Faith    .   c - +0 buckler
rNeg    . . .      Spirit   .   t - +1 chain mail
rPois   .          Reflect  .   (helmet restricted)
rElec   .          Harm     .   y - +0 cloak
rCorr   .          Rampage  .   (no gloves)
Will    .....                   (no boots)
Stlth   ..........              q - amulet of regeneration
HPRegen 1.05/turn               i - ring of Circularity {rF+ Stlth+}
MPRegen 0.14/turn               u - ring of protection from fire

@: very slow
A: horns 2, retaliatory headbutt
a: Renounce Religion, Bend Time, Temporal Distortion


You were on level 9 of the Dungeon.
You worshipped Cheibriados.
Cheibriados was most pleased with you.
You visited 1 branch of the dungeon, and saw 9 of its levels.

You collected 478 gold pieces.
You spent 224 gold pieces at shops.

Inventory:

Hand Weapons
 a - a +1 war axe (weapon)
 v - a +0 war axe
 K - a +5 flail
Missiles
 k - 15 poisoned darts
 o - 2 curare-tipped darts
 s - 22 boomerangs
 J - 4 atropa-tipped darts
Armour
 b - a +0 scale mail
 c - a +0 buckler (worn)
 t - a +1 chain mail (worn)
 y - a +0 cloak (worn)
Jewellery
 i - the ring of Circularity (left hand) {rF+ Stlth+}
   (You acquired it on level 4 of the Dungeon)

   [ring of protection from fire]

   rF:        It protects you from fire.
   Stlth:     It makes you more stealthy.
 q - an amulet of regeneration (around neck)
 u - a ring of protection from fire (right hand)
 E - an amulet of magic regeneration
 G - the ring of Amorality {rF+ Dex+4}
   (You found it on level 6 of the Dungeon)

   [ring of protection from fire]

   Dex:       It affects your dexterity (+4).
   rF:        It protects you from fire.
Wands
 A - a wand of iceblast (21)
 L - a wand of light (4)
Scrolls
 m - 10 scrolls of identify
 n - a scroll of fog
 r - a scroll of torment
 x - 2 scrolls of blinking {unknown}
 B - a scroll of acquirement
 C - 5 scrolls of teleportation
 D - a scroll of enchant armour
 M - a scroll of enchant weapon
Potions
 d - 4 potions of might
 e - 6 potions of curing
 f - a potion of haste
 g - 2 potions of resistance
 h - a potion of attraction
 j - a potion of berserk rage
 p - 2 potions of magic
 w - 2 potions of cancellation
 z - a potion of degeneration {unknown}
 F - a potion of lignification {unknown}
 I - a potion of mutation {unknown}


   Skills:
 - Level 10.0 Fighting
 - Level 10.0 Axes
 - Level 10.0 Armour
 - Level 3.6 Shields
 + Level 9.1 Invocations


You had 9 spell levels left.
You didn't know any spells.
Your spell library contained the following spells:

 Spells                   Type           Power      Damage    Failure   Level
 Necrotise                Necr           0%         1d4       85%         1
 Summon Small Mammal      Summ           0%         N/A       85%         1
 Call Canine Familiar     Summ           0%         N/A       99%         3
 Ozocubu's Armour         Ice            0%         N/A       99%         3
 Summon Guardian Golem    Hex/Summ       0%         N/A       99%         3
 Vampiric Draining        Necr           0%         2d6       99%         3
 Leda's Liquefaction      Hex/Erth       0%         N/A       100%        4
 Agony                    Necr           0%         N/A       100%        5
 Blade Hands              Tmut           0%         N/A       100%        5
 Irradiate                Conj/Tmut      0%         3d11      100%        5
 Lee's Rapid Deconstruct  Erth           0%         3d5*      100%        5
 Statue Form              Tmut/Erth      0%         N/A       100%        6
 Dragon Form              Tmut           0%         N/A       100%        7
 Ozocubu's Refrigeration  Ice            0%         4d7       100%        7


Dungeon Overview and Level Annotations

Branches:
Dungeon (9/15)             Temple (0/1) D:7
   Lair: D:8-11         Orc: D:9-12

Altars:
Cheibriados
Dithmenos
Fedhas
Nemelex Xobeh
Qazlal
Ru
Trog
Vehumet
Wu Jian
Xom
Yredelemnul
Zin
The Shining One

Shops:
D:7 *?


Innate Abilities, Weirdness & Mutations

You have a pair of horns on your head.
You reflexively headbutt those who attack you in melee.


Message History

Things that are here:
+0 steam dragon scales; a steam dragon corpse You closely miss the wyvern.
Your headbutt misses the wyvern. You completely miss the komodo dragon.
The wyvern is engulfed in a cloud of scalding steam.
The wyvern bites you!
The komodo dragon bites you but does no damage.
The wyvern is engulfed in a cloud of scalding steam.
The wyvern bites you.
* * * LOW HITPOINT WARNING * * *
You slice the wyvern!!
The wyvern is severely wounded.
You barely miss the komodo dragon. The wyvern barely misses you.
The komodo dragon completely misses you.
You closely miss the wyvern. You headbutt the wyvern!
You kill the wyvern!
Cheibriados thoroughly appreciates the change of pace.
You barely miss the komodo dragon. The komodo dragon bites you!
* * * LOW HITPOINT WARNING * * *
You hit the komodo dragon.
The komodo dragon is moderately wounded.
The komodo dragon closely misses you.
You hit the komodo dragon.
The komodo dragon is heavily wounded.
The komodo dragon barely misses you.
You hit the komodo dragon.
The komodo dragon is heavily wounded.
The komodo dragon closely misses you.
You hit the komodo dragon.
The komodo dragon is severely wounded.
You block the komodo dragon's attack.
You closely miss the komodo dragon. Your headbutt misses the komodo dragon.
The komodo dragon is severely wounded.
The komodo dragon bites you!!
* * * LOW HITPOINT WARNING * * *
You hit the komodo dragon but do no damage.
You headbutt the komodo dragon!
The komodo dragon is almost dead.
The komodo dragon bites you!
You die...

#.......# ##.....##
#....... #.......
##########
######.####..####
.........###.#..#
...###.........####
.# ##.#
#.#........@†#...##
.###
#######...[†l......
## #..#.........
...####.....?..
..### .###..#.# #
.## . #


You could see a komodo dragon.

Vanquished Creatures
  A two-headed ogre (D:8)
  2 komodo dragons (D:9)
  3 wyverns
  Eustachio (D:4)
  Grum (D:9)
  4 steam dragons
  2 water moccasins
  An orc warrior (D:9)
  3 sky beasts
  3 black bears
  2 ice beasts
  4 wolves (D:9)
  A centaur (D:8)
  A phantom (D:6)
  Blork the orc (D:6)
  3 kobold brigands
  4 bullfrogs
  5 scorpions
  2 gnoll sergeants
  A necrophage (D:4)
  7 wights (D:7)
  6 killer bees
  2 howler monkeys (D:9)
  6 hounds
  A gnoll bouda (D:6)
  An orc priest (D:3)
  A jelly (D:6)
  Jessica (D:3)
  10 orc wizards
  An iguana (D:6)
  Robin (D:3)
  18 gnolls
  8 adders
  3 shadow imps
  4 worms
  2 dart slugs (D:1)
  22 orcs
  9 endoplasms
  3 giant cockroaches
  17 goblins
  11 hobgoblins
  4 jackals (D:1)
  22 kobolds
  4 quokkas
  6 ball pythons
  7 bats
  5 frilled lizards
  5 rats
232 creatures vanquished.

Vanquished Creatures (others)
  3 fungi
  2 plants (D:5)
5 creatures vanquished.

Grand Total: 237 creatures vanquished

Notes
Turn   | Place    | Note
-------+----------+-------------------------------------------
     0 | D:1      | apoch the Minotaur Fighter began the quest for the Orb.
     0 | D:1      | Reached XP level 1. HP: 19/19 MP: 0/0
   115 | D:1      | Reached XP level 2. HP: 26/26 MP: 1/1
   671 | D:1      | Reached XP level 3. HP: 31/31 MP: 2/2
   734 | D:1      | Found a faded altar of an unknown god.
  1464 | D:2      | Reached skill level 5 in Axes
  1606 | D:2      | Reached XP level 4. HP: 39/39 MP: 3/3
  2243 | D:3      | Noticed Jessica
  2250 | D:3      | Killed Jessica
  2454 | D:3      | Reached XP level 5. HP: 45/45 MP: 4/4
  3035 | D:3      | Reached XP level 6. HP: 36/51 MP: 5/5
  3174 | D:3      | Noticed Robin
  3186 | D:3      | Killed Robin
  3262 | D:4      | Identified a scroll of acquirement
  3262 | D:4      | Acquired the ring of Circularity {rF+ Stlth+}
  3280 | D:4      | Noticed Eustachio
  3332 | D:4      | Killed Eustachio
  3457 | D:4      | Reached XP level 7. HP: 57/57 MP: 6/6
  3840 | D:4      | Found a stormy altar of Qazlal.
  3866 | D:4      | Found a blossoming altar of Fedhas.
  3913 | D:4      | Reached skill level 10 in Axes
  4084 | D:4      | Reached skill level 5 in Fighting
  4568 | D:5      | Entered Level 5 of the Dungeon
  4641 | D:5      | Reached XP level 8. HP: 71/71 MP: 7/7
  4668 | D:5      | Found a sparkling altar of Nemelex Xobeh.
  5020 | D:5      | Found a shadowy altar of Dithmenos.
  5146 | D:5      | Found a radiant altar of Vehumet.
  5421 | D:6      | Found a snail-covered altar of Cheibriados.
  5442 | D:6      | Became a worshipper of Cheibriados the Contemplative
  5512 | D:6      | Noticed Blork the orc
  5522 | D:6      | Killed Blork the orc
  5523 | D:6      | Reached skill level 10 in Fighting
  5577 | D:6      | Reached skill level 1 in Invocations
  5775 | D:6      | Reached * piety under Cheibriados
  5776 | D:6      | Reached skill level 5 in Armour
  5776 | D:6      | Reached XP level 9. HP: 73/85 MP: 9/9
  6130 | D:6      | Identified the ring of Amorality {rF+ Dex+4}
  6213 | D:7      | Found Kusiq's Magic Scroll Shop.
  6255 | D:7      | Bought a scroll of identify for 28 gold pieces
  6255 | D:7      | Bought 2 scrolls of teleportation for 84 gold pieces
  6255 | D:7      | Bought a scroll of identify for 28 gold pieces
  6255 | D:7      | Bought a scroll of identify for 28 gold pieces
  6255 | D:7      | Bought a scroll of identify for 28 gold pieces
  6255 | D:7      | Bought a scroll of identify for 28 gold pieces
  6477 | D:7      | Found a staircase to the Ecumenical Temple.
  6582 | D:7      | Found Efue's Elemental Accessories.
  6879 | D:7      | Found a basalt altar of Yredelemnul.
  6883 | D:7      | Found a glowing golden altar of the Shining One.
  6886 | D:7      | Noticed an angel
  7261 | D:8      | Noticed a two-headed ogre
  7277 | D:8      | Killed a two-headed ogre
  7406 | D:8      | Reached skill level 5 in Invocations
  7406 | D:8      | Reached XP level 10. HP: 93/93 MP: 12/12
  7449 | D:8      | Reached ** piety under Cheibriados
  7770 | D:8      | Reached skill level 10 in Armour
  7806 | D:8      | Found a glowing silver altar of Zin.
  7833 | D:8      | Found an ornate altar of the Wu Jian Council.
  7936 | D:8      | Found a shimmering altar of Xom.
  7937 | D:8      | Found a shimmering altar of Xom.
  7937 | D:8      | Found a shimmering altar of Xom.
  7937 | D:8      | Found a shimmering altar of Xom.
  7937 | D:8      | Found a shimmering altar of Xom.
  7937 | D:8      | Found a shimmering altar of Xom.
  7937 | D:8      | Found a shimmering altar of Xom.
  8241 | D:9      | Found a sacrificial altar of Ru.
  8318 | D:9      | Found a bloodstained altar of Trog.
  8347 | D:9      | Noticed Grum
  8382 | D:9      | Killed Grum
  8528 | D:9      | Reached *** piety under Cheibriados
  8676 | D:9      | Slain by a komodo dragon

Illustrated notes

Levels and vault maps discovered:
D:1:      minmay_arrival_semitransparent, layout_basic,
          shapermc_ecumenical_altar_venn
D:2:      minmay_wonky_spiral, layout_basic
D:3:      layout_loops_cross, uniq_robin, uniq_jessica
D:4:      layout_gridville, grunt_temple_overflow_forces_of_nature,
          grunt_ministairs_9, uniq_eustachio
D:5:      layout_rooms, mainiacjoe_overflow_24_doors,
          mainiacjoe_overflow_chevrons, grunt_dithmenos_shadows
D:6:      layout_gridville, slow_altar_1, hangedman_abyss_or_decor_stabs,
          uniq_blork_the_orc
D:7:      kennysheep_steamy, layout_loops_ring, grunt_temple_overflow_holy_war,
          temple_statues, serial_shops, nicolae_lakefront_shop,
          nicolae_elemental_shop
D:8:      layout_loops_ring, xom_shifter_show,
          mainiacjoe_overflow_catch_the_wave
D:9:      minmay_evil_eye, layout_rooms, nicolae_overflow_hidden_temple,
          lemuel_crystal_altar, erik_lair_dragon, uniq_grum

Skill      XL: |  1  2  3  4  5  6  7  8  9 10 |
---------------+-------------------------------+-----
Axes           | 3 4 5 6 7 9 10 | 10.0
Fighting       | 6 10 | 10.0
Armour         | 5 9 10 | 10.0
Invocations    | 1 5 9 |  9.1
Shields        | |  3.6

Action                   |  1- 3 |  4- 6 |  7- 9 | 10-12 || total
-------------------------+-------+-------+-------+-------++-------
Melee: War axe           |    79 |   175 |   261 |   117 ||   632
       Headbutt          |     9 |    19 |    41 |    20 ||    89
Throw: Stone             |    20 |    23 |    47 |    22 ||   112
       Dart              |       |       |     2 |       ||     2
  Use: Scroll            |       |    16 |     1 |       ||    17
       Potion            |       |       |       |     2 ||     2
Armor: Scale mail        |    26 |    27 |       |       ||    53
       Chain mail        |       |    85 |   161 |    83 ||   329
Dodge: Dodged            |    32 |    67 |   100 |    59 ||   258
Block: Buckler           |    15 |    45 |    59 |    41 ||   160
